 Dungeon Crawl Stone Soup version 0.31.0-1-g2c135a008e (webtiles) character file.

Game seed: 1929691041315423332

117 qw the Shooter (level 5, -1/40 HPs)
             Began as a Djinni Hunter on Jan 24, 2024.
             Slain by an orc wizard
             ... wielding a +0 dagger
              (3 damage)
             ... on level 3 of the Dungeon.
             The game lasted 00:00:05 (1944 turns).

qw the Shooter (Djinni Hunter)                      Turns: 1944, Time: 00:00:06

Health: -1/40      AC:  3    Str: 10    XL:     5   Next: 22%
Gold:   111        EV: 13    Int: 11    God:
                   SH:  0    Dex: 18

rFire   + + +        f - +5 sling of the New World {heavy, rPois rF++}
rCold   x . .        (no shield)
rNeg    . . .        c - +0 leather armour
rPois   inf          (no helmet)
rElec   .            (no cloak)
rCorr   +            (no gloves)
SInv    .            (boots unavailable)
Will    .....        (no amulet)
Stlth   ++           h - ring of resist corrosion
HPRegen 0.26/turn    (no ring)
MPRegen 0.00/turn

%: infuse magic (-2 HP)
@: flying
A: sickness immunity, fire resistance 2, cold vulnerability 1, float, innate
caster, HP casting, extra vitality 1
a: no special abilities


You were on level 3 of the Dungeon.
You visited 1 branch of the dungeon, and saw 3 of its levels.

You collected 111 gold pieces.


Innate Abilities, Weirdness & Mutations

You are immune to sickness and miasma.
You are immune to poison.
Your flesh is very heat resistant. (rF++)
You are vulnerable to cold. (rC-)
You float through the air rather than walking.
You learn spells naturally, not from books.
Your magical power is your life essence.
You have superior vitality. (+4 MHP)


   Skills:
 - Level 3.0 Fighting
 + Level 4.3 Ranged Weapons
 - Level 3.3 Dodging
 - Level 0.7 Stealth


You knew the following spells:

 Your Spells              Type           Power      Damage    Failure   Level
a - Kiss of Death         Conj/Necr      0%         2d5       43%         1
b - Lesser Beckoning      Tloc           0%         N/A       58%         2
Your spell library was empty.

Inventory:

Hand Weapons
 f - the +5 sling of the New World (weapon) {heavy, rPois rF++}
   (You found it on level 3 of the Dungeon)

   rF++:      It greatly protects you from fire.
   rPois:     It protects you from poison
Armour
 c - a +0 leather armour (worn)
Jewellery
 e - a ring of fire
 h - a ring of resist corrosion (left hand)
Potions
 b - a potion of heal wounds {unknown}
 d - a potion of mutation {unknown}
 m - a potion of attraction {unknown}

Dungeon Overview and Level Annotations

Branches:
Dungeon (3/15)

Altars:


Message History

Something barely misses you. Something hits you. x3
You shoot a sling bullet.
Reactivating autopickup.
You feel a bit more experienced. Something hits you.
Deactivating autopickup; reactivate with Ctrl-A.
You have reached level 5!
The power to cast Lesser Beckoning wells up from within.
Spell assigned to 'b'.
You shoot a sling bullet. The sling bullet barely misses the orc.
The orc misses you. Something hits you.
You hear some strange, mumbled words.
A magic dart appears from out of thin air!
The magic dart hits you. The orc barely misses you.
You shoot a sling bullet. The sling bullet hits the orc!
You kill the orc!
Something hits you.
You hear some strange, mumbled words.
You are confused.
You shoot a sling bullet. Something hits you. x2
You shoot a sling bullet. Something hits you.
You shoot a sling bullet.
You hear some strange, mumbled words.
Something tries to affect you, but you resist.
Something hits you but does no damage.
You shoot a sling bullet.
You feel less confused. Something hits you.
You hear some strange, mumbled words.
A magic dart appears from out of thin air!
The magic dart hits you!
You shoot a sling bullet. Something hits you.
Something hits you but does no damage.
You shoot a sling bullet. Something hits you but does no damage.
Something barely misses you.
You shoot a sling bullet. Something hits you.
You die...

..#.#. ...#
##.#. ...#.
...#+#. #.#+
.... .>.....
#... ...
....... ###...
.. .......
#..... #.
......# .#.##..
#.#......#
....... #){##.#
##.....
....o.#@##.#
...##.. .....
#..#.# ##.##..
.... ##.#.#
.##.. ###
#...## #.####
###..## #.# #
#...### #.# #
#.#...####.# #
#........).# #
#..........####


There were no monsters in sight!

Vanquished Creatures
  An orc wizard (D:3)
  Terence (D:3)
  An adder (D:2)
  4 dart slugs
  3 orcs (D:3)
  4 bats
  4 endoplasms
  3 giant cockroaches
  A hobgoblin (D:1)
  3 kobolds
  4 quokkas
  6 ball pythons
  2 frilled lizards (D:1)
  6 goblins
  5 rats
48 creatures vanquished.

Notes
Turn   | Place    | Note
-------+----------+-------------------------------------------
     0 | D:1      | qw the Djinni Hunter began the quest for the Orb.
     0 | D:1      | Reached XP level 1. HP: 18/18 MP: 0/0
     0 | D:1      | 0 ||| qw: Version: 0.3-a-136-gdd3b4e8
     0 | D:1      | 0 ||| qw: Game counter: 1308
     0 | D:1      | 0 ||| qw: Melee chars always use a shield: true
     0 | D:1      | 0 ||| qw: God list: Okawaru
     0 | D:1      | 0 ||| qw: Allow faded altars: false
     0 | D:1      | 0 ||| qw: Do Orc after clearing Dungeon:15 true
     0 | D:1      | 0 ||| qw: Do second Lair branch before Depths: true
     0 | D:1      | 0 ||| qw: Lair rune preference: random
     0 | D:1      | 0 ||| qw: Goals: Normal
     0 | D:1      | 0 ||| PLANNING D:1-11
   161 | D:1      | Reached XP level 2. HP: 23/23 MP: 0/0
   292 | D:1      | Reached skill level 4 in Ranged Weapons
   292 | D:1      | Reached XP level 3. HP: 28/28 MP: 0/0
   292 | D:1      | Learned a level 1 spell: Kiss of Death
   738 | D:1      | 738 ||| UPGRADING to ring of resist corrosion.
   739 | D:1      | 739 ||| READING 2 scrolls labelled WOABIE GEMMELO.
   742 | D:1      | 742 ||| READING scroll labelled FIORPH POW VAHUWEG.
   843 | D:1      | 843 ||| READING scroll labelled REACUEKLEYCA.
   843 | D:1      | 843 ||| ENCHANTING +0 shortbow.
   844 | D:1      | 844 ||| READING scroll labelled MURYC TUKECH.
   845 | D:1      | 845 ||| READING 2 scrolls labelled QUONKI EFUAPRO.
   845 | D:1      | 845 ||| IDENTIFYING viscous ruby potion
   846 | D:1      | 846 ||| READING scroll of identify.
   846 | D:1      | 846 ||| IDENTIFYING fuming clear potion
   847 | D:1      | 847 ||| DROPPING scroll of butterflies.
   848 | D:1      | 848 ||| DROPPING potion of invisibility.
   849 | D:1      | 849 ||| DROPPING potion of magic.
   854 | D:2      | 854 ||| STAIRDANCE
   868 | D:1      | HP: 7/28 [adder (2)]
   868 | D:1      | HP: 3/28 [kobold/+0 short sword (4)]
   869 | D:1      | 869 ||| READING scroll of teleportation.
  1000 | D:2      | Found a faded altar of an unknown god.
  1289 | D:2      | Reached XP level 4. HP: 34/34 MP: 0/0
  1314 | D:2      | Reached skill level 3 in Fighting
  1677 | D:2      | 1677 ||| READING scroll labelled QEICIY LUMNED.
  1678 | D:2      | 1678 ||| DRINKING 2 purple potions.
  1714 | D:2      | 1714 ||| DROPPING potion of lignification.
  1775 | D:3      | Identified the +5 sling of the New World {heavy, rPois
                  | rF++}
  1777 | D:3      | 1777 ||| SWAPPING to +5 sling of the New World {heavy,
                  | rPois rF++}.
  1778 | D:3      | 1778 ||| DROPPING +1 shortbow.
  1898 | D:3      | Noticed Terence
  1899 | D:3      | Killed Terence
  1900 | D:3      | Reached skill level 3 in Dodging
  1933 | D:3      | 1933 ||| FLEEEEING.
  1936 | D:3      | Reached XP level 5. HP: 23/40 MP: 0/0
  1936 | D:3      | Learned a level 2 spell: Lesser Beckoning
  1939 | D:3      | HP: 10/40 [something (1)]
  1941 | D:3      | HP: 3/40 [something/magic dart (7)]
  1942 | D:3      | HP: 1/40 [something (3)]
  1944 | D:3      | Slain by an orc wizard

Levels and vault maps discovered:
D:1:      dpeg_arrival_round_b, layout_loops_ring
D:2:      layout_loops_ring, hellmonk_ecumenical_altar_run_dry,
          minmay_door_square, grunt_ministairs_12
D:3:      layout_basic, mainiacjoe_overflow_brackets, minmay_fountain_box,
          reono_crystal_passage, uniq_ijyb, uniq_terence, uniq_natasha

Skill      XL: |  1  2  3  4 |
---------------+-------------+-----
Ranged Weapons | 4 |  4.3
Fighting       | 3 |  3.0
Dodging        | 3 |  3.3
Stealth        | |  0.7

Action                     |  1- 3 |  4- 6 || total
---------------------------+-------+-------++-------
   Fire: Shortbow          |    91 |    28 ||   119
         Sling             |       |    22 ||    22
    Use: Scroll            |     7 |     1 ||     8
         Potion            |       |     1 ||     1
 Armour: Leather armour    |    38 |    25 ||    63
  Dodge: Dodged            |    39 |    12 ||    51

Table legend:
 A = Non-vault XP
 B = Vault XP
 C = Vault XP percentage of total XP
 D = Non-vault monster count
 E = Vault monster count
 F = Vault count percentage of total count
                 A         B        C        D         E       F
            +---------+---------+-------+---------+---------+-------
      Total |     134 |      34 |  20.2 |      46 |       2 |   4.2
            +---------+---------+-------+---------+---------+-------
        D:1 |      36 |       0 |   0.0 |      19 |       0 |   0.0
        D:2 |      49 |       2 |   3.9 |      19 |       1 |   5.0
        D:3 |      49 |      32 |  39.5 |       8 |       1 |  11.1
            +---------+---------+-------+---------+---------+-------
